 Dungeon Crawl Stone Soup version 0.23.1 (webtiles) character file.

Game seed: 4849802679628849883

43 Borgoz the Sneak (level 3, -3/30 HPs)
             Began as a Ghoul Assassin on Mar 13, 2019.
             Slain by Robin
             ... wielding a +0 spear
              (5 damage)
             ... on level 2 of the Dungeon.
             The game lasted 00:02:27 (1328 turns).

Borgoz the Sneak (Ghoul Assassin)                   Turns: 1328, Time: 00:02:28

Health: -3/30      AC:  6    Str: 19    XL:     3   Next: 58%
Magic:  2/2        EV: 11    Int:  6    God:
Gold:   57         SH:  0    Dex: 11    Spells: 2/2 levels left

rFire    . . .     SeeInvis .   a - +2 dagger
rCold    + . .     Gourm    .   (no shield)
rNeg     + + +     Faith    .   n - +0 ring mail
rPois    ∞         Spirit   .   (no helmet)
rElec    .         Reflect  .   d - +0 cloak
rCorr    .         Harm     .   (no gloves)
MR       .....                  (no boots)
Stlth    ++........             (no amulet)
HPRegen  0.00/turn              k - +5 ring of strength
MPRegen  0.08/turn              (no ring)

@: rotting
A: rotting body, claws 1, carnivore, cold resistance 1, negative energy
resistance 3, inhibited regeneration, torment resistance, unbreathing
a: no special abilities


You were on level 2 of the Dungeon.
You were not hungry.

You visited 1 branch of the dungeon, and saw 2 of its levels.

You collected 57 gold pieces.

Inventory:

Hand Weapons
 a - a +2 dagger (weapon)
 b - a +0 blowgun
Missiles
 e - 8 poisoned needles
 f - 2 curare-tipped needles
Armour
 d - a +0 cloak (worn)
 n - a +0 ring mail (worn)
Jewellery
 k - a +5 ring of strength (left claw)
 p - a +3 ring of intelligence {unknown}
Scrolls
 c - 2 scrolls of identify {unknown}
 j - a scroll of amnesia {unknown}
 m - 2 scrolls of teleportation {unknown}
Potions
 h - a potion of invisibility {unknown}
 i - a potion of might {unknown}
 l - 2 potions of flight {unknown}
 o - 2 potions of curing {unknown}
Comestibles
 g - 5 rations
 q - 2 chunks of flesh


   Skills:
 + Level 2.4 Fighting
 * Level 2.4 Short Blades
 - Level 1.7 Throwing
 * Level 0.9 Armour
 * Level 1.6 Dodging
 + Level 4.6 Stealth


You had 2 spell levels left.
You didn't know any spells.
Your spell library was empty.

Dungeon Overview and Level Annotations

Branches:
Dungeon (2/15)

Altars:

Annotations:
D:2 Robin


Innate Abilities, Weirdness & Mutations

Your body is rotting away.
You thrive on raw meat.
You are immune to poison.
You have sharp fingernails.
You are carnivorous and can eat meat at any time.
Your flesh is cold resistant. (rC+)
You are immune to negative energy. (rN+++)
You do not regenerate when monsters are visible.
You are immune to unholy pain and torment.
You can survive without breathing.


Message History

You are too injured to fight recklessly!
You are too injured to fight recklessly!
You are too injured to fight recklessly!
You hit Robin but do no damage.
Robin is almost dead.
The goblin hits you with a cursed -2 dagger.
* * * LOW HITPOINT WARNING * * *
The hobgoblin hits you but does no damage.
The hobgoblin hits you with a cursed +0 club.
* * * LOW HITPOINT WARNING * * *
Robin completely misses you.
The hobgoblin no longer looks unusually strong.
The hobgoblin hits you but does no damage.
The hobgoblin closely misses you.
Robin roars a battlecry!
The goblins go into a battle-frenzy!
The hobgoblin hits you with a cursed +0 club.
* * * LOW HITPOINT WARNING * * *
Robin hits you with a +0 spear.
You die...

#...............##..>......
#######.#######....##...#####.
.g......# #.#(.#.#.###
######### #.#.#......#
#.#...##.#># #.#.#.##.#.#
#.#.#.##.# # ##(#g.<.#.#
#.#######.(@gg....#
.......<..(Sg.....#
#.#######.(......## ##.#....##
#.#.#.## ...w#.# .....#.#
##...##.# ##.## .#


You could see a worm, Robin, 2 hobgoblins, a goblin and a ball python.

Vanquished Creatures
  An ooze (D:2)
  A dart slug (D:1)
  A giant cockroach (D:1)
  12 goblins
  2 hobgoblins (D:1)
  6 kobolds
  4 bats
  2 frilled lizards (D:1)
  7 rats
36 creatures vanquished.

Notes
Turn   | Place    | Note
-------+----------+-------------------------------------------
     0 | D:1      | Borgoz the Ghoul Assassin began the quest for the Orb.
     0 | D:1      | Reached XP level 1. HP: 17/17 MP: 0/0
    67 | D:1      | Reached skill level 1 in Dodging
   168 | D:1      | Reached XP level 2. HP: 19/24 MP: 1/1
   576 | D:2      | Reached XP level 3. HP: 30/30 MP: 2/2
   658 | D:2      | Noticed Robin
  1328 | D:2      | Slain by Robin

Skill      XL: |  1 |
---------------+----+-----
Dodging        | 1 |  1.6
Short Blades   | 2 |  2.4
Fighting       | |  2.4
Throwing       | |  1.7
Armour         | |  0.9
Stealth        | |  4.6

Action                   || total
-------------------------++-------
Melee: Dagger            ||   115
 Stab: Sleeping          ||     5
  Eat: Chunk             ||     4
Armor: Robe              ||     2
       Ring mail         ||    43
       Leather armour    ||     2
Dodge: Dodged            ||    75
